 Dungeon Crawl Stone Soup version 0.29-a0-416-g83a48905f1 (webtiles) character file.

Game seed: 17988261068817793052

5392 xian the Quickloader (level 10, -5/98 HPs)
             Began as a Troll Fighter on May 16, 2022.
             Was a Believer of Elyvilon.
             Slain by sirJeffrey23's ghost (14 damage)
             ... on level 8 of the Dungeon.
             The game lasted 00:51:26 (6906 turns).

xian the Quickloader (Troll Fighter)                Turns: 6906, Time: 00:51:26

Health: -5/98      AC:  7    Str: 30    XL:     10   Next: 39%
Magic:  8/11       EV: 12    Int:  4    God:    Elyvilon [**....]
Gold:   451        SH:  0    Dex: 16    Spells: 9/9 levels left

rFire   + + .      SeeInvis .   p - +5 arbalest of Equivalence {elec, Drain rF+ Dex+7}
rCold   . . .      Faith    +   (shield currently unavailable)
rNeg    . . .      Spirit   .   z - +2 robe {rF+}
rPois   +          Reflect  .   (helmet restricted)
rElec   .          Harm     .   g - +0 cloak "Tarilad" {rPois}
rCorr   .          Rampage  .   (gloves unavailable)
Will    +....                   (boots unavailable)
Stlth   ++........              d - amulet of faith
HPRegen 1.06/turn               (no ring)
MPRegen 0.12/turn               (no ring)

@: invisible
A: large, unfitting armour, claws 3, regeneration 1, shaggy fur 1, tough skin 1,
hooves 1, strong-willed 1
a: Renounce Religion, Purification, Heal Other


You were on level 8 of the Dungeon.
You worshipped Elyvilon.
Elyvilon was pleased with you.
You visited 1 branch of the dungeon, and saw 8 of its levels.
You also visited: Sewer.

You collected 451 gold pieces.

Inventory:

Hand Weapons
 p - the +5 arbalest of Equivalence (weapon) {elec, Drain rF+ Dex+7}
   (You found it on level 3 of the Dungeon)

   Any ammunition fired from it occasionally discharges a powerful burst of
   electricity upon striking a foe.
   Dex:       It affects your dexterity (+7).
   rF:        It protects you from fire.
   Drain:     It drains your maximum health when unequipped.
 B - a +3 mace of freezing
Missiles
 h - 22 poisoned darts
 m - 5 curare-tipped darts
Armour
 g - the +0 cloak "Tarilad" (worn) {rPois}
   (You found it on level 8 of the Dungeon)

   rPois:     It protects you from poison.
 z - a +2 robe of fire resistance (worn)
Jewellery
 d - an amulet of faith (around neck)
 t - an amulet of magic regeneration
Wands
 q - a wand of acid (4)
 y - a wand of charming (11)
 A - a wand of iceblast (7)
Scrolls
 a - a scroll of poison {unknown}
 b - 2 scrolls of vulnerability
 e - a scroll of fog
 i - 2 scrolls of enchant armour
 n - 2 scrolls of brand weapon
 s - a scroll of enchant weapon {unknown}
 u - 3 scrolls of teleportation
 w - a scroll of torment {unknown}
 D - 2 scrolls of noise {unknown}
Potions
 c - a potion of might
 f - 3 potions of curing
 k - a potion of lignification {unknown}
 o - a potion of berserk rage
 r - a potion of mutation
 v - 2 potions of haste
 x - a potion of brilliance
 C - a potion of attraction {unknown}


   Skills:
 + Level 5.8 Fighting
 + Level 0.5 Short Blades
 + Level 0.2 Polearms
 + Level 8.1 Crossbows
 + Level 0.1 Throwing
 + Level 5.6 Dodging
 + Level 1.1 Stealth
 + Level 3.4 Shields
 + Level 2.8 Unarmed Combat
 + Level 2.8 Invocations


You had 9 spell levels left.
You didn't know any spells.
Your spell library contained the following spells:

 Spells                   Type           Power      Damage    Failure   Level
 Summon Small Mammal      Summ           0%         N/A       50%         1
 Call Canine Familiar     Summ           0%         N/A       86%         3
 Gell's Gravitas          Tloc           0%         N/A       86%         3
 Lesser Beckoning         Tloc           0%         N/A       86%         3
 Summon Guardian Golem    Hex/Summ       0%         N/A       86%         3
 Teleport Other           Tloc           0%         N/A       86%         3
 Passage of Golubria      Tloc           0%         N/A       99%         4
 Silence                  Hex/Air        0%         N/A       100%        5
 Lehudib's Crystal Spear  Conj/Erth      0%         10d2      100%        8


Dungeon Overview and Level Annotations

Branches:
Dungeon (8/15)             Temple (0/1) D:7           Sewer (visited)
   Lair: D:8-11

Altars:
Elyvilon
Ru
Beogh

Annotations:
D:5 1 runed translucent door, Crazy Yiuf
D:8 sirJeffrey23's ghost, novice OgMo


Innate Abilities, Weirdness & Mutations

You are too large for most types of armour.
You have claws for hands.
Your natural rate of healing is unusually fast.
You are covered in fur. (AC +1)
You have tough skin. (AC +1)
You have large cloven feet.
You are strong-willed. (Will+)


Message History

You shoot a bolt. The bolt hits sirJeffrey23's ghost.
SirJeffrey23's ghost is severely damaged.
SirJeffrey23's ghost hits you!!
* * * LOW HITPOINT WARNING * * *
You are healed.
SirJeffrey23's ghost hits you!
* * * LOW HITPOINT WARNING * * *
You are healed.
You can no longer provide healing for yourself.
SirJeffrey23's ghost hits you!!
* * * LOW HITPOINT WARNING * * *
Unknown command.
You fade into invisibility!
SirJeffrey23's ghost hits you but does no damage.
SirJeffrey23's ghost attacks as you move away!
SirJeffrey23's ghost hits you! Elyvilon protects you from harm!
You are too injured to fight recklessly!
Shoot: p) +5 arbalest of Equivalence {elec, Drain rF+ Dex+7}
Press: ? - help, Q - select action, (/) - cycle Shift-Dir - straight line, f/p - sirJeffrey23's ghost
Aim: sirJeffrey23's ghost (severely damaged, 58% to hit)
You shoot a bolt.
The bolt closely misses sirJeffrey23's ghost.
SirJeffrey23's ghost closely misses you.
SirJeffrey23's ghost completely misses you.
Shoot: p) +5 arbalest of Equivalence {elec, Drain rF+ Dex+7}
Press: ? - help, Q - select action, (/) - cycle Shift-Dir - straight line, f/p - sirJeffrey23's ghost
Aim: sirJeffrey23's ghost (severely damaged, 58% to hit)
You shoot a bolt.
The bolt hits sirJeffrey23's ghost but does no damage.
SirJeffrey23's ghost is severely damaged.
SirJeffrey23's ghost closely misses you.
Shoot: p) +5 arbalest of Equivalence {elec, Drain rF+ Dex+7}
Press: ? - help, Q - select action, (/) - cycle Shift-Dir - straight line, f/p - sirJeffrey23's ghost
Aim: sirJeffrey23's ghost (severely damaged, 58% to hit)
You shoot a bolt.
The bolt barely misses sirJeffrey23's ghost.
SirJeffrey23's ghost hits you! Elyvilon protects you from harm!
SirJeffrey23's ghost hits you!
You die...

#.........#......
###..###..##...#
#..###'###...# .
#...#......>.###### ..
#...#........##.... ...
#...#...>....#..... #...
#...#........#..... #....
#...#........#.....
#....>#W@.#........##....
'.....'...#........##....
#....####+##..##...##....
#... #.. #...##.... #.
.... #......... ....
#......... ... #.........
#....# #......... #....##
#.........


You could see sirJeffrey23's ghost.

Vanquished Creatures
  Pikel (D:7)
  A kobold demonologist (D:5)
  Grinder (D:5)
  Sigmund (D:6)
  A wyvern (D:3)
  5 yaks (D:7)
  2 water moccasins (D:7)
  2 ice beasts
  6 orc warriors
  A black bear (D:8)
  2 sky beasts
  2 ogres (D:6)
  2 centaurs
  A phantom (D:6)
  3 kobold brigands (Sewer)
  3 bullfrogs
  2 scorpions (D:6)
  3 wights (D:7)
  2 howler monkeys
  5 hounds
  11 orc priests
  A gnoll shaman (D:4)
  3 iguanas
  Terence (D:2)
  4 orc wizards
  11 adders
  6 gnolls
  8 river rats (Sewer)
  4 shadow imps
  3 white imps
  2 ufetubi
  A worm (D:2)
  3 dart slugs
  18 orcs
  11 ball pythons
  5 bats
  5 endoplasms
  9 giant cockroaches
  10 goblins
  5 hobgoblins
  4 jackals (D:3)
  17 kobolds
  3 quokkas
  8 frilled lizards
  22 rats
221 creatures vanquished.

Vanquished Creatures (others)
  8 plants (D:6)
8 creatures vanquished.

Grand Total: 229 creatures vanquished

Notes
Turn   | Place    | Note
-------+----------+-------------------------------------------
     0 | D:1      | xian the Troll Fighter began the quest for the Orb.
     0 | D:1      | Reached XP level 1. HP: 22/22 MP: 0/0
   221 | D:1      | Reached XP level 2. HP: 28/29 MP: 1/1
   230 | D:1      | Found a faded altar of an unknown god.
   243 | D:1      | Prayed at the altar of an unknown god.
   243 | D:1      | Became a worshipper of Elyvilon the Healer
   243 | D:1      | Reached * piety under Elyvilon
   513 | D:1      | Reached ** piety under Elyvilon
   995 | D:2      | Noticed Terence
  1004 | D:2      | Killed Terence
  1005 | D:2      | Reached XP level 3. HP: 31/36 MP: 2/2
  1218 | D:2      | Reached XP level 4. HP: 44/44 MP: 3/3
  1975 | D:2      | Reached *** piety under Elyvilon
  2292 | D:3      | Identified the +5 arbalest of Equivalence {elec, Drain rF+
                  | Dex+7}
  2309 | D:3      | Found a glowing drain.
  2351 | Sewer    | Entered a sewer
  2430 | Sewer    | Reached XP level 5. HP: 52/52 MP: 4/4
  2460 | Sewer    | Reached skill level 1 in Crossbows
  2566 | Sewer    | Reached XP level 6. HP: 37/61 MP: 2/5
  2569 | Sewer    | Reached skill level 2 in Crossbows
  2840 | Sewer    | Gained mutation: You have large cloven feet. [potion of
                  | mutation]
  2840 | Sewer    | Gained mutation: You are strong-willed. (Will+) [potion of
                  | mutation]
  3007 | D:3      | Found a sacrificial altar of Ru.
  3035 | D:3      | Noticed an ice beast
  3051 | D:3      | Killed an ice beast
  3052 | D:3      | Reached skill level 3 in Crossbows
  3052 | D:3      | Reached XP level 7. HP: 26/67 MP: 1/6
  3292 | D:3      | Identified the +4 leather armour of Agragarch {Rampage
                  | Str+6 Int-4}
  3883 | D:4      | Reached **** piety under Elyvilon
  4079 | D:4      | Noticed a wyvern
  4094 | D:4      | Elyvilon protects you from harm!
  4134 | D:3      | Killed a wyvern
  4135 | D:3      | Reached skill level 4 in Crossbows
  4135 | D:3      | Reached skill level 1 in Invocations
  4135 | D:3      | Reached XP level 8. HP: 55/78 MP: 5/7
  4332 | D:5      | Entered Level 5 of the Dungeon
  4387 | D:5      | Noticed Grinder
  4394 | D:5      | Killed Grinder
  4497 | D:5      | Found a transporter.
  4504 | D:5      | Found a transporter.
  4613 | D:5      | Found a runed translucent door.
  4614 | D:5      | Noticed Crazy Yiuf
  4676 | D:5      | Noticed a kobold demonologist
  4687 | D:5      | Killed a kobold demonologist
  4688 | D:5      | Reached skill level 5 in Crossbows
  4949 | D:6      | Noticed Sigmund
  4952 | D:6      | Killed Sigmund
  5027 | D:6      | Reached XP level 9. HP: 85/85 MP: 9/9
  5101 | D:6      | Reached skill level 6 in Crossbows
  5307 | D:6      | Reached skill level 1 in Stealth
  5711 | D:7      | Noticed Pikel
  5714 | D:7      | Reached skill level 5 in Dodging
  5715 | D:7      | Killed Pikel
  5716 | D:7      | Reached skill level 5 in Fighting
  5716 | D:7      | Reached skill level 7 in Crossbows
  5959 | D:7      | Reached XP level 10. HP: 76/96 MP: 10/10
  5988 | D:7      | Found a staircase to the Ecumenical Temple.
  6533 | D:8      | Reached skill level 8 in Crossbows
  6574 | D:8      | Found a runed translucent gate.
  6576 | D:8      | Noticed sirJeffrey23's ghost (novice OgMo)
  6577 | D:8      | Found a runed translucent gate.
  6577 | D:8      | Identified the +6 chain mail of Zeten {rF+ MP+9 Str+5
                  | Int-5}
  6578 | D:8      | Found a runed translucent gate.
  6640 | D:8      | HP: 3/98 [sirJeffrey23's ghost (37)]
  6790 | D:8      | Identified the +0 cloak "Tarilad" {rPois}
  6901 | D:8      | HP: 3/98 [sirJeffrey23's ghost (33)]
  6903 | D:8      | Elyvilon protects you from harm!
  6906 | D:8      | Elyvilon protects you from harm!
  6906 | D:8      | Slain by sirJeffrey23's ghost

Illustrated notes

Levels and vault maps discovered:
D:1:      dpeg_arrival_shelter, layout_basic,
          hellmonk_ecumenical_altar_leap_of_faith, hex_medium, st_stairs_3
D:2:      layout_basic, minmay_heptomino_d4, uniq_terence
D:3:      layout_basic, mainiacjoe_overflow_24_doors, gup_sewer_entry_glass,
          hangedman_abyss_or_decor_stabs, minivault_25
D:4:      layout_loops_cross
D:5:      gammafunk_wand_slinger, layout_rooms, hangedman_decor_opposing,
          minivault_19, lightli_corner_chamber, uniq_crazy_yiuf_cottage,
          uniq_grinder
D:6:      layout_basic, dreamdust_princess_bridge, minmay_lizard_king,
          uniq_sigmund
D:7:      layout_basic, minmay_temple_entry_water_ring, uniq_pikel
D:8:      layout_gridville, biasface_ghost_orc_armoury, uniq_joseph

Skill      XL: |  1  2  3  4  5  6  7  8  9 10 |
---------------+-------------------------------+-----
Shields        | 3 |  3.4
Dodging        | 3 4 5 |  5.6
Fighting       | 3 4 5 |  5.8
Crossbows      | 1 3 4 5 7 8 |  8.1
Invocations    | 1 2 |  2.8
Stealth        | 1 |  1.1
Short Blades   | |  0.5
Polearms       | |  0.2
Throwing       | |  0.1
Unarmed Combat | |  2.8

Action                   |  1- 3 |  4- 6 |  7- 9 | 10-12 || total
-------------------------+-------+-------+-------+-------++-------
Melee: Unarmed           |    65 |       |       |       ||    65
       Dagger            |    29 |    94 |       |       ||   123
       Trident           |     7 |       |       |       ||     7
       Arbalest          |       |       |     1 |       ||     1
 Fire: Arbalest          |       |   119 |   238 |    89 ||   446
Throw: Dart              |     1 |     5 |       |       ||     6
Invok: Purification      |       |     1 |     2 |       ||     3
       Heal Self         |       |     3 |     9 |    12 ||    24
  Use: Potion            |       |     3 |     2 |     5 ||    10
       Scroll            |       |       |     6 |     4 ||    10
Armor: Robe              |    36 |    73 |    53 |    14 ||   176
Dodge: Dodged            |    34 |   111 |   112 |    54 ||   311
Block: Kite shield       |    44 |    33 |       |       ||    77

Table legend: (Time is in decaauts)
 A = Elapsed time spent in this place.
 B = Non-inter-level travel time spent in this place.
 C = Inter-level travel time spent in this place.
 D = Time resting spent in this place.
 E = Time spent auto-exploring this place.
 F = Levels seen in this place.
 G = Mean time per level.
                   A        B        C        D        E       F      G
               +--------+--------+--------+--------+--------+-----+--------+
         Total |   7203 |   7004 |    199 |    167 |   4411 |   9 |  800.3 |
       Dungeon |   6600 |   6401 |    199 |    167 |   4107 |   8 |  825.0 |
         Sewer |    603 |    603 |      0 |      0 |    304 |   1 |  603.0 |
               +--------+--------+--------+--------+--------+-----+--------+

Top non-repeatable levels by time:
     D:2: 1105 daAuts
     D:1: 1000 daAuts
     D:3: 928 daAuts
     D:4: 861 daAuts
     D:7: 801 daAuts
     D:6: 799 daAuts
     D:5: 623 daAuts
   Sewer: 603 daAuts
     D:8: 480 daAuts
